 Dungeon Crawl Stone Soup version 0.18-a0-1782-gb76a692 (webtiles) character file.

36 nubinia the Digger (level 3, -7/20 HPs)
             Began as a Gargoyle Earth Elementalist on Apr 17, 2016.
             Hit by a tomahawk thrown by an orc warrior (11 damage)
             ... on level 1 of the Dungeon.
             The game lasted 00:06:43 (1608 turns).

nubinia the Digger (Gargoyle Earth Elementalist)    Turns: 1608, Time: 00:06:43

Health: -7/20      AC:  5    Str: 11    XL:     3   Next: 37%
Magic:  6/6        EV: 12    Int: 16    God:
Gold:   23         SH:  0    Dex: 10    Spells: 3 memorised, 0 levels left

rFire  . . .     SeeInvis .     f - +1 mace
rCold  . . .     Gourm    .     a - +0 robe
rNeg   + . .     Faith    .     (no shield)
rPois  ∞         Spirit   .     (no helmet)
rElec  +         Dismiss  .     (no cloak)
rCorr  .         Reflect  .     (no gloves)
SustAt .         Harm     .     (no boots)
MR     .....                    (no amulet)
Stlth  ++........               (no ring)
                                (no ring)

@: not resistant to hostile enchantments, unstealthy
A: negative energy resistance 1, electricity resistance, unbreathing,
petrification resistance, rot immunity, AC +3
a: no special abilities


You were on level 1 of the Dungeon.
You were hungry.

You visited 1 branch of the dungeon, and saw 1 of its levels.

You collected 23 gold pieces.

Inventory:

Hand Weapons
 f - a +1 mace (weapon)
 n - a +1 falchion of holy wrath
Missiles
 b - 61 stones (quivered)
Armour
 a - a +0 robe (worn)
 m - a cursed +0 ring mail
 o - a +0 leather armour
Scrolls
 e - a scroll of remove curse {unknown}
 h - 2 scrolls of blinking {unknown}
 i - a scroll of enchant weapon
 l - a scroll of recharging {unknown}
Potions
 j - a potion of curing {unknown}
 k - 2 potions of lignification {unknown}
Books
 c - a book of Geomancy

   Spells                             Type                      Level
   a - Sandblast                      Earth                        1
   b - Passwall                       Transmutation/Earth          2
   c - Stone Arrow                    Conjuration/Earth            3
   d - Petrify                        Transmutation/Earth          4
   e - Lee's Rapid Deconstruction     Earth                        5
Comestibles
 d - a bread ration
 g - a beef jerky
 p - 2 chunks of flesh


   Skills:
 + Level 0.7 Fighting
 + Level 1.9 Dodging
 + Level 2.5 Stealth
 + Level 2.3 Spellcasting
 + Level 0.7 Transmutations
 + Level 4.2 Earth Magic


You couldn't memorise any spells.
You knew the following spells:

 Your Spells              Type           Power        Failure   Level  Hunger
a - Sandblast             Erth           ###...       4%          1    #......
b - Stone Arrow           Conj/Erth      #.....       28%         3    ###....
c - Passwall              Trmt/Erth      #.........   12%         2    ###....


Dungeon Overview and Level Annotations

Branches:
Dungeon (1/15)

Altars:
Okawaru

Annotations:
D:1 1 exclusion


Innate Abilities, Weirdness & Mutations

You are resistant to torment.
Your stone body is resilient (AC +3).
You are immune to poison.
You resist negative energy.
You are resistant to electric shocks.
You can survive without breathing.
You are immune to petrification.
You are immune to rotting.


Message History

You see here a club.
Partly explored, can't reach some places.
(D) Dungeon
Where to? (? - help)
There is an open door here.
There is an open door here.
The orc warrior shouts!
The orc warrior throws a tomahawk.
The tomahawk hits you!
Ouch! That really hurt!
* * * LOW HITPOINT WARNING * * *
You see here a tomahawk.
You close the door.
Something unseen opens the door.
The orc warrior throws a tomahawk.
The tomahawk hits you.
* * * LOW HITPOINT WARNING * * *
You see here a tomahawk.
You are feeling hungry.
The orc warrior throws a tomahawk.
The tomahawk hits you!
Ouch! That really hurt!
You die...

###### ##### #.#####..o
.....# #o# #### ####.# #.#
#.#.# #.# ##.#.# #.#
...#.# #.# ##.#.# #.#
...#.###################.#
##.#............@......o.#
#.#####################.#
### ###


You could see an orc warrior.

Vanquished Creatures
  An adder (D:1)
  A dart slug (D:1)
  2 orcs (D:1)
  A giant cockroach (D:1)
  4 goblins (D:1)
  3 hobgoblins (D:1)
  4 kobolds (D:1)
  2 bats (D:1)
  A giant newt (D:1)
  7 rats (D:1)
26 creatures vanquished.

Notes
Turn   | Place    | Note
--------------------------------------------------------------
     0 | D:1      | nubinia the Gargoyle Earth Elementalist began the quest for the Orb.
     0 | D:1      | Reached XP level 1. HP: 10/10 MP: 3/3
    67 | D:1      | Found an iron altar of Okawaru.
   279 | D:1      | Reached XP level 2. HP: 15/15 MP: 3/5
   437 | D:1      | Reached skill level 4 in Earth Magic
  1022 | D:1      | Noticed an orc warrior
  1213 | D:1      | Reached XP level 3. HP: 20/20 MP: 6/6
  1217 | D:1      | Learned a level 2 spell: Passwall
  1221 | D:1      | Learned a level 3 spell: Stone Arrow
  1608 | D:1      | Hit by a tomahawk thrown by an orc warrior

Vault maps used:
D:1:      lightli_arrival_boilingwater, okawaru_ov_weapons_minmay

Skill      XL: |  1  2 |
---------------+-------+-----
Earth Magic    | 4 |  4.2
Fighting       | |  0.7
Dodging        | |  1.9
Stealth        | |  2.5
Spellcasting   | |  2.3
Transmutations | |  0.7

Action                   || total
-------------------------++-------
Melee: Mace              ||    54
       Unarmed           ||     2
 Cast: Sandblast         ||    19
  Use: Scroll            ||     1
 Stab: Sleeping          ||     2
  Eat: Chunk             ||     2
Armor: Robe              ||    15
Dodge: Dodged            ||    37
